 Dungeon Crawl Stone Soup version 0.17-a0-1617-gfba1302 (webtiles) character file.

24 thrall606 the Conjurer (level 2, -2/20 HPs)
             Began as a Demonspawn Conjurer on Aug 1, 2015.
             Killed from afar by Terence (6 damage)
             ... with a wand of flame
             ... on level 2 of the Dungeon.
             The game lasted 00:08:05 (1271 turns).

thrall606 the Conjurer (Demonspawn Conjurer)        Turns: 1271, Time: 00:08:05

Health: -2/20      AC:  2    Str:  8    XL:     2   Next: 79%
Magic:  0/5        EV: 12    Int: 16    God:
Gold:   47         SH:  0    Dex: 11    Spells: 2 memorised, 2 levels left

rFire  . . .     SeeInvis .     e - +0 club
rCold  . . .     Clarity  .     j - +0 robe
rNeg   . . .     SustAt   .     (no shield)
rPois  .         Gourm    .     (no helmet)
rElec  .         Spirit   .     (no cloak)
rCorr  .         Warding  .     (no gloves)
rMut   .         Stasis   .     (no boots)
MR     .....                    (no amulet)
Stlth  +++.......               (no ring)
                                (no ring)

@: not resistant to hostile enchantments, fairly stealthy
A: breathe flames 1, clumsy 1, nightstalker 1, robust 1
a: Breathe Fire


You were on level 2 of the Dungeon.
You were not hungry.

You visited 1 branch of the dungeon, and saw 2 of its levels.

You collected 47 gold pieces.

Inventory:

Hand weapons
 e - a +0 club (weapon)
Missiles
 g - 14 bolts of flame
Armour
 a - a +0 robe
 d - a +0 ring mail
 j - a +0 robe (worn)
Scrolls
 c - a scroll of remove curse
Books
 b - a book of Conjurations

   Spells                             Type                      Level
   a - Magic Dart                     Conjuration                  1
   b - Searing Ray                    Conjuration                  2
   c - Dazzling Spray                 Conjuration/Hexes            3
   d - Fulminant Prism                Conjuration/Hexes            4
   e - Iskenderun's Mystic Blast      Conjuration                  4
   f - Iskenderun's Battlesphere      Conjuration/Charms           5
Comestibles
 h - 2 meat rations


   Skills:
 + Level 2.1 Dodging
 + Level 2.0 Stealth
 + Level 2.0 Spellcasting
 + Level 4.5 Conjurations


You had 2 spell levels left.
You knew the following spells:

 Your Spells              Type           Power        Failure   Level  Hunger
a - Magic Dart            Conj           ###.         3%          1    #......
b - Searing Ray           Conj           ###...       6%          2    ###....


Dungeon Overview and Level Annotations

Branches:
Dungeon (2/15)

Altars:

Annotations:
D:2 Terence


Innate Abilities, Weirdness & Mutations

You are slightly more attuned to the shadows.
You can breathe flames.
You are clumsy. (Dex -2)
You are robust (+10% HP).


Message History

Drink which item? (? for menu, Esc to quit)
You feel much better.
Terence zaps a wand.
The puff of flame hits you!
Casting: Searing Ray
Confirm with . or Enter, or press ? or * to list all spells.
You don't have enough magic to cast that spell.
Casting: Searing Ray
Confirm with . or Enter, or press ? or * to list all spells.
You don't know that spell.
Casting: Searing Ray
Confirm with . or Enter, or press ? or * to list all spells.
Aiming: Magic Dart
Press: ? - help, Shift-Dir - straight line, f/p - Terence
Aim: Terence, wielding a mace, wearing a chain mail and carrying a wand of flame {zapped: 7} The magic dart hits Terence.
Terence screams, "I'm going to kill you!"
Terence zaps a wand.
The puff of flame hits you!
Ouch! That really hurt!
* * * LOW HITPOINT WARNING * * *
Terence zaps a wand.
The puff of flame hits you!
You die...

#.# #.......###.### #.#
#.......#.....## #.#
#.......#....... #.#
#.......#.#.#.# #.##
#.............# #..#
#.............# #
##.######.#..........#.#
#§#...................#
#§#.####.><..@.....###
#.#.# ####.......##
#§#.# #.....@.# #§#.#
#######.#..... #§..#
#.....).#..... #####
##.#######..##% #...# ..
#...# .# #...#


You could see Terence.

Vanquished Creatures
  A giant gecko (D:1)
  A ball python (D:1)
  2 giant cockroaches (D:1)
  A goblin (D:2)
  4 hobgoblins
  A kobold (D:1)
  A quokka (D:2)
  6 bats
  A giant newt (D:1)
  3 rats (D:1)
21 creatures vanquished.

Notes
Turn   | Place    | Note
--------------------------------------------------------------
     0 | D:1      | thrall606 the Demonspawn Conjurer began the quest for the Orb.
     0 | D:1      | Reached XP level 1. HP: 13/13 MP: 3/3
   124 | D:1      | Gained mutation: You are robust (+10% HP). [potion of mutation]
   124 | D:1      | Gained mutation: You can breathe flames. [potion of mutation]
   124 | D:1      | Gained mutation: You are clumsy. (Dex -2) [potion of mutation]
   538 | D:1      | Gained mutation: You are slightly more attuned to the shadows. [demonic ancestry]
   538 | D:1      | Reached XP level 2. HP: 20/20 MP: 3/5
  1208 | D:2      | Learned a level 2 spell: Searing Ray
  1249 | D:2      | Noticed Terence
  1271 | D:2      | Killed from afar by Terence

Vault maps used:
D:1:      dpeg_arrival_short_road
D:2:      grunt_ministairs_1, nicolae_dithmenos_through_a_glass_darkly,
          uniq_terence

Action                   || total
-------------------------++-------
Melee: Club              ||    14
       Unarmed           ||     4
 Cast: Magic Dart        ||    29
       Searing Ray       ||     4
 Abil: Breathe Fire      ||     3
  Use: Scroll            ||     6
       Potion            ||     6
  Eat: Bread ration      ||     1
